 Dungeon Crawl Stone Soup version 0.31.0-32-g396128a36d (webtiles) character file.

Game seed: 9291508591095870999

314 KittyFluff the Ruffian (level 6, -4/57 HPs)
             Began as a Troll Shapeshifter on Mar 31, 2024.
             Slain by a lemure (8 damage)
             ... led by Pikel
             ... on level 3 of the Dungeon.
             The game lasted 00:12:32 (2356 turns).

KittyFluff the Ruffian (Troll Shapeshifter)         Turns: 2356, Time: 00:12:35

Health: -4/57      AC:  4    Str: 25    XL:     6   Next: 19%
Magic:  5/5        EV:  8    Int: 12    God:
Gold:   154        SH:  7    Dex:  9    Spells: 5/5 levels left

rFire   . .          .
                       - Unarmed
rCold   . . .        m - +0 kite shield
rNeg    . . .        a - +0 animal skin
rPois   .            (helmet currently unavailable)
rElec   .            (cloak currently unavailable)
rCorr   .            (gloves unavailable)
SInv    .            (boots unavailable)
Will    .....        (no amulet)
Stlth   +            p - +6 ring of intelligence
HPRegen 1.09/turn    (no ring)
MPRegen 0.09/turn

%: no passive effects
@: beast-form
A: beast (slay +2), large, unfitting armour, claws 3, regeneration 1, shaggy fur
1, tough skin 1
a: Begin Untransformation


You were on level 3 of the Dungeon.
You were a hulking beast.
You visited 1 branch of the dungeon, and saw 4 of its levels.

You collected 154 gold pieces.

Inventory:

Hand Weapons
 g - a +0 club
 r - a +0 arbalest
 t - a +0 halberd
 u - a +0 flail
Missiles
 e - 7 large rocks
 k - 17 stones (quivered)
 l - 2 boomerangs
 o - 6 poisoned darts
Armour
 a - a +0 animal skin (worn)
 m - a +0 kite shield (worn)
 n - a +0 helmet
Magical Staves
 z - a staff of death
Jewellery
 p - a +6 ring of intelligence (left claw)
Talismans
 c - a beast talisman
 d - a flux talisman
 y - a serpent talisman
Wands
 v - a wand of flame (27)
Scrolls
 j - a scroll of teleportation {unknown}
 s - a scroll of vulnerability {unknown}
 w - a scroll of immolation {unknown}
Potions
 b - a potion of lignification
 f - 5 potions of curing {unknown}
 h - a potion of heal wounds {unknown}
 i - a potion of attraction {unknown}
 q - a potion of cancellation {unknown}
 x - 2 potions of haste {unknown}


   Skills:
 + Level 2.2 Fighting
 + Level 1.6 Throwing
 + Level 2.7 Dodging
 + Level 1.8 Shields
 + Level 4.0 Unarmed Combat
 + Level 0.0 Evocations
 + Level 3.8 Shapeshifting


You had 5 spell levels left.
You didn't know any spells.
Your spell library contained the following spells:

 Spells                   Type           Power      Damage    Failure   Level
 Foxfire                  Conj/Fire      0%         2x1d4     58%         1
 Plasma Beam              Fire/Air       0%         2x1d10    100%        6
 Starburst                Conj/Fire      0%         6d3       100%        6


Dungeon Overview and Level Annotations

Branches:
Dungeon (4/15)
 Temple: D:4-7

Altars:
Elyvilon

Annotations:
D:3 Pikel


Innate Abilities, Weirdness & Mutations

You are a hulking beast.
Your limbs bulge with bestial killing power. (Slay +2)
You are too large for most types of armour.
You have claws for hands.
Your natural rate of healing is unusually fast.
You are covered in fur. (AC +1)
You have tough skin. (AC +1)


Message History

Pikel zaps a wand.
The mass of ice explodes!
The iceblast engulfs you!
The iceblast engulfs the orc!
The orc dies!
You hear a shout! x2; You hear an angry hiss.
You hear a shout! x5
A ball python comes into view.
A giant cockroach comes into view.
A hobgoblin comes into view.
Pikel says, "You'll make a fine lemure."
Pikel zaps a wand.
The mass of ice explodes!
The iceblast engulfs you!
The iceblast engulfs the orc!!
The orc dies!
You block the goblin's attack.
You climb upwards.
There is a stone staircase leading down here.
You claw the goblin!
You kill the goblin!
You start resting.
HP restored.
You climb downwards.
Level annotation: Pikel The lemure shouts!
The goblin shouts!
The orc shouts! x2
You block the hobgoblin's attack.
A kobold comes into view. It is wielding a +0 whip.
Pikel hits you with a +0 whip of electrocution.
The lemure hits you.
There is a stone staircase leading up, spattered with blood here.
The hobgoblin shouts!
The hobgoblin hits you but does no damage.
The lemure closely misses you. The lemure hits you! The lemure hits you.
Pikel hits you with a +0 whip of electrocution.
You are electrocuted!
You climb upwards.
There is a stone staircase leading down here.
You scratch Pikel.
Pikel is lightly wounded.
Pikel hits you with a +0 whip of electrocution!
* * * LOW HITPOINT WARNING * * *
You are electrocuted!
* * * LOW HITPOINT WARNING * * *
The lemure hits you!
You die...

##..................# #.##...#
.'.............##...#####..'...#
##................)........#...#
..............#.#........#.#...##
#######.......#......###.#.#)..##
#........#...#### #.#.....##
##########55## #.####.### ##5#
#.# #.### ♣♣♣ #h# #.# #.... ♣
♣♣♣.♣♣♣ ♣♣K#### #.# ##### ♣♣
♣♣.....♣♣ ♣♣.g...## #.#
.♣♣♣.......♣♣♣.......###.#
..♣...≈~≈...♣...≈~≈...##.#
....†≈≈~≈≈.....≈≈~≈≈..##.#####
.....~~_~~.....~~♣~~...#.....# ##
.....≈≈~≈≈.....≈≈~≈≈...#####.# #.
..♣...≈~≈...♣...≈~≈....# #...# #.


You could see Pikel, 3 lemures and a hobgoblin.

Vanquished Creatures
  An orc priest (D:3)
  Natasha (thrice) (D:3)
  Robin (D:2)
  2 adders (D:2)
  8 gnolls
  A dart slug (D:3)
  7 orcs (D:3)
  8 bats
  5 endoplasms
  2 giant cockroaches
  8 hobgoblins
  3 jackals (D:2)
  9 kobolds
  4 quokkas
  9 ball pythons
  14 goblins
  10 rats
95 creatures vanquished.

Vanquished Creatures (others)
  2 orcs (D:4)
2 creatures vanquished.

Grand Total: 97 creatures vanquished

Notes
Turn   | Place    | Note
-------+----------+-------------------------------------------
     0 | D:1      | KittyFluff the Troll Shapeshifter began the quest for the
                  | Orb.
     0 | D:1      | Reached XP level 1. HP: 18/18 MP: 0/0
    42 | D:1      | Reached skill level 1 in Fighting
   137 | D:1      | Reached XP level 2. HP: 27/27 MP: 1/1
   557 | D:1      | Reached XP level 3. HP: 33/33 MP: 2/2
   816 | D:2      | Noticed Robin
   826 | D:2      | Killed Robin
   994 | D:2      | Reached XP level 4. HP: 41/41 MP: 3/3
  1194 | D:2      | Reached skill level 1 in Shields
  1205 | D:2      | Reached skill level 1 in Throwing
  1222 | D:2      | Reached XP level 5. HP: 49/49 MP: 4/4
  1628 | D:3      | Found a white marble altar of Elyvilon.
  2041 | D:3      | Found a faded altar of an unknown god.
  2203 | D:3      | Noticed Natasha
  2209 | D:3      | Killed Natasha
  2236 | D:3      | Noticed Natasha
  2243 | D:3      | Killed Natasha
  2275 | D:3      | Reached XP level 6. HP: 57/57 MP: 5/5
  2299 | D:3      | Noticed Natasha
  2306 | D:3      | Killed Natasha
  2307 | D:3      | Reached skill level 4 in Unarmed Combat
  2319 | D:4      | Noticed Pikel
  2356 | D:3      | Slain by a lemure

Illustrated notes

Levels and vault maps discovered:
D:1:      dpeg_arrival_round_b, layout_basic, minmay_domino_4
D:2:      cheibrodos_helix_gallery, layout_basic, uniq_robin
D:3:      layout_basic, elyvilon_altar_3, shapermc_ecumenical_altar_ellora,
          uniq_natasha
D:4:      kennysheep_goblin_castle, layout_cave_pools, trog_hazing_becter,
          uniq_edmund, uniq_pikel

Skill      XL: |  1  2  3  4  5  6 |
---------------+-------------------+-----
Fighting       | 1 2 |  2.2
Dodging        | 2 |  2.7
Shields        | 1 |  1.8
Throwing       | 1 |  1.6
Unarmed Combat | 4 |  4.0
Shapeshifting  | |  3.8

Action                     |  1- 3 |  4- 6 || total
---------------------------+-------+-------++-------
  Melee: Unarmed           |   101 |    94 ||   195
         Punch             |     1 |       ||     1
  Throw: Stone             |     2 |       ||     2
   Stab: Sleeping          |     1 |       ||     1
 Armour: Animal skin       |    68 |    57 ||   125
  Dodge: Dodged            |    40 |    32 ||    72
  Block: Kite shield       |     7 |    38 ||    45
